 Dungeon Crawl Stone Soup version 0.30-a0-458-g86641cc369 (webtiles) character file.

Game seed: 5200619327417919140

1141 BigDaddyOpFi the Covert (level 8, -7/54 HPs)
             Began as an Octopode Fighter on Dec 14, 2022.
             Was an Initiate of Dithmenos.
             Mangled by a harpy (19 damage)
             ... on level 6 of the Dungeon.
             The game lasted 00:08:44 (6728 turns).

BigDaddyOpFi the Covert (Octopode Fighter)          Turns: 6728, Time: 00:08:45

Health: -7/54      AC:  1    Str: 17      XL:     8   Next: 37%
Magic:  8/8        EV: 13    Int: 17      God:    Dithmenos [......]
Gold:   206        SH:  5    Dex: 12 (17) Spells: 7/7 levels left

rFire   x . .      SeeInvis .    a - +0 war axe
rCold   + . .      Faith    .    b - +1 buckler
rNeg    . . .      Spirit   .    (helmet restricted)
rPois   .          Reflect  .    g - amulet of the acrobat
rElec   .          Harm     .    f - +6 ring of intelligence
rCorr   .          Rampage  .    m - ring of ice
Will    .....                    p - +6 ring of dexterity
Stlth   ++++++....               (no ring)
HPRegen 0.29/turn                (no ring)
MPRegen 0.11/turn                (no ring)
                                 (no ring)
                                 (no ring)

@: no status effects
A: almost no armour, amphibious, 8 rings, camouflage 1, gelatinous body 1,
(nimble swimmer 1), tentacles, low MP 1
a: Renounce Religion


You were on level 6 of the Dungeon.
You worshipped Dithmenos.
Dithmenos was noncommittal.
You visited 2 branches of the dungeon, and saw 7 of its levels.

You collected 206 gold pieces.

Inventory:

Hand Weapons
 a - a +0 war axe (weapon)
Missiles
 k - a throwing net
 l - 4 javelins
 r - 6 poisoned darts
Armour
 b - a +1 buckler (worn)
Jewellery
 f - a +6 ring of intelligence (left tentacle)
 g - an amulet of the acrobat (around mantle)
 m - a ring of ice (right tentacle)
 p - a +6 ring of dexterity (on tentacle)
Wands
 d - a wand of polymorph (4) (quivered)
Scrolls
 e - 2 scrolls of magic mapping
 i - a scroll of vulnerability
 j - a scroll of poison
 o - 2 scrolls of identify
 q - a scroll of teleportation
Potions
 c - 2 potions of mutation
 h - 2 potions of brilliance


   Skills:
 + Level 3.6 Fighting
 + Level 2.8 Axes
 + Level 3.7 Dodging
 + Level 11.7 Stealth
 + Level 3.6 Shields
 + Level 2.0 Invocations


You had 7 spell levels left.
You didn't know any spells.
Your spell library contained the following spells:

 Spells                   Type           Power      Damage    Failure   Level
 Summon Small Mammal      Summ           0%         N/A       30%         1
 Call Canine Familiar     Summ           0%         N/A       67%         3
 Summon Guardian Golem    Hex/Summ       0%         N/A       67%         3


Dungeon Overview and Level Annotations

Branches:
Dungeon (6/15)             Temple (1/1) D:4

Altars:
Ashenzari
Cheibriados
Dithmenos
Elyvilon
Fedhas
Gozag
Hepliaklqana
Kikubaaqudgha
Makhleb
Nemelex Xobeh
Okawaru
Qazlal
Sif Muna
Trog
Uskayaw
Vehumet
Wu Jian
Xom
Yredelemnul
The Shining One

Annotations:
D:3 2 transporters
D:5 3 runed translucent doors, sirJeffrey23's ghost, novice MfTm


Innate Abilities, Weirdness & Mutations

You cannot wear most types of armour.
You are amphibious.
You can wear up to eight rings at the same time.
Your skin changes colour to match your surroundings (Stealth+).
Your rubbery body absorbs attacks. (AC +1, EV +1)
((You are camouflaged when in or above water. (Stealth+)))
You have tentacles for arms and can constrict up to eight enemies at once.
Your magical capacity is low. (-10% MP)


Message History

Okay, then.
Okay, then.
Okay, then.
You hit the ice beast.
The ice beast is heavily wounded.
The ice beast hits you.
* * * LOW HITPOINT WARNING * * *
The ice beast freezes you. You resist.
* * * LOW HITPOINT WARNING * * *
The ice beast closely misses you.
You feel much better. The ice beast barely misses you.
You hit the ice beast.
The ice beast is heavily wounded.
The ice beast hits you. The ice beast freezes you. You resist.
You hit the ice beast but do no damage.
The ice beast is heavily wounded.
The ice beast hits you. The ice beast freezes you. You resist.
The ice beast hits you but does no damage.
Aiming: Polymorph
Press: ? - help, Q - select action, (/) - cycle Shift-Dir - straight line, f - ice beast
Aim: an ice beast (heavily wounded, will become a wyvern, a blink frog, or a hornet, chance to affect: 49%)
The ice beast resists with some effort.
The ice beast barely misses you.
Aiming: Polymorph
Press: ? - help, Q - select action, (/) - cycle Shift-Dir - straight line, f/p - ice beast
Aim: an ice beast (heavily wounded, will become a wyvern, a blink frog, or a hornet, chance to affect: 49%)
The ice beast evaporates and reforms as a hornet!
The hornet misses you.
Aiming: Polymorph
Press: ? - help, Q - select action, (/) - cycle Shift-Dir - straight line, f/p - hornet
Aim: a hornet (lightly wounded, will become a fire bat, a queen bee, or a harpy, chance to affect: 39%)
The hornet evaporates and reforms as a harpy!
You block the harpy's attack. The harpy claws you!
* * * LOW HITPOINT WARNING * * *
Aiming: Polymorph
Press: ? - help, Q - select action, (/) - cycle Shift-Dir - straight line, f/p - harpy
Aim: a harpy (lightly wounded, will become a golden eye, a fire bat, or a meliai, chance to affect: 49%)
The harpy resists with some effort.
The harpy claws you!!
You die...

#...# #.#
#.#############.#
#...............#
###############.##
#............#
#.############ #.#
#.# #@# #H# #.#
#.# #.# #.. ###


You could see a harpy.

Vanquished Creatures
  Sigmund (D:3)
  An ice beast (D:5)
  An ogre (D:4)
  A centaur (D:5)
  A wyvern zombie (D:5)
  2 scorpions (D:4)
  An oklob sapling (D:4)
  4 hounds
  2 quasits (D:5)
  A jelly (D:5)
  A gnoll bouda (D:5)
  A howler monkey zombie (D:5)
  7 gnolls (D:5)
  7 adders
  4 shadow imps (D:5)
  5 ufetubi
  A worm (D:4)
  5 dart slugs
  7 orcs
  5 bats
  4 endoplasms
  2 goblins
  7 hobgoblins
  8 kobolds
  A quokka (D:4)
  7 ball pythons
  A frilled lizard (D:3)
  2 rats
90 creatures vanquished.

Vanquished Creatures (others)
  4 demonic plants (D:5)
  15 plants (D:4)
19 creatures vanquished.

Grand Total: 109 creatures vanquished

Notes
Turn   | Place    | Note
-------+----------+-------------------------------------------
     0 | D:1      | BigDaddyOpFi the Octopode Fighter began the quest for the
                  | Orb.
     0 | D:1      | Reached XP level 1. HP: 16/16 MP: 1/1
    74 | D:1      | Reached skill level 1 in Stealth
   138 | D:1      | Reached skill level 2 in Stealth
   138 | D:1      | Reached XP level 2. HP: 21/21 MP: 2/2
   214 | D:1      | Reached skill level 3 in Stealth
   565 | D:2      | Reached XP level 3. HP: 26/26 MP: 3/3
   653 | D:2      | Reached skill level 4 in Stealth
   681 | D:2      | Found a shimmering altar of Xom.
  1090 | D:2      | Identified the +0 robe "Vairud Hacump" {-Tele Int+5}
  1241 | D:3      | Found a faded altar of an unknown god.
  1270 | D:3      | Found a transporter.
  1273 | D:3      | Noticed Sigmund
  1296 | D:4      | Reached skill level 5 in Stealth
  1296 | D:4      | Reached XP level 4. HP: 13/31 MP: 4/4
  1490 | D:4      | Noticed a scorpion
  1495 | D:4      | Killed a scorpion
  1496 | D:4      | Reached skill level 6 in Stealth
  1496 | D:4      | Reached XP level 5. HP: 18/36 MP: 5/5
  1497 | D:4      | Found a large runed translucent door.
  1497 | D:4      | Found a large runed translucent door.
  2027 | D:4      | Found a staircase to the Ecumenical Temple.
  2032 | D:4      | Noticed an ogre
  2046 | Temple   | Entered the Ecumenical Temple
  2379 | Temple   | Became a worshipper of Dithmenos the Shadowed
  2430 | D:4      | Reached skill level 7 in Stealth
  2824 | D:4      | Found an opulent altar of Gozag.
  2853 | D:4      | Killed an ogre
  2854 | D:4      | Reached skill level 8 in Stealth
  2854 | D:4      | Reached XP level 6. HP: 42/42 MP: 6/6
  3039 | D:4      | Found a broken altar of Ashenzari.
  3049 | D:4      | Reached skill level 9 in Stealth
  3051 | D:4      | Gained mutation: Your magical capacity is low. (-10% MP)
                  | [potion of mutation]
  3214 | D:4      | Found a blossoming altar of Fedhas.
  3247 | D:5      | Entered Level 5 of the Dungeon
  3255 | D:5      | Reached XP level 7. HP: 16/46 MP: 6/6
  3617 | D:5      | Reached skill level 10 in Stealth
  4166 | D:3      | Killed Sigmund
  4167 | D:3      | Reached skill level 11 in Stealth
  4254 | D:3      | Found a transporter.
  4836 | D:5      | Found a radiant altar of Vehumet.
  5081 | D:5      | Reached skill level 1 in Invocations
  5081 | D:5      | Reached XP level 8. HP: 10/52 MP: 6/7
  5472 | D:5      | Found a snail-covered altar of Cheibriados.
  5558 | D:5      | Found a runed translucent gate.
  5558 | D:5      | Found a runed translucent gate.
  5558 | D:5      | Found a runed translucent gate.
  5558 | D:5      | Noticed sirJeffrey23's ghost (novice MfTm)
  5560 | D:5      | Found a basalt altar of Yredelemnul.
  6726 | D:6      | an ice beast changed into a hornet
  6726 | D:6      | Noticed a hornet
  6727 | D:6      | a hornet changed into a harpy
  6727 | D:6      | Noticed a harpy
  6728 | D:6      | Mangled by a harpy

Illustrated notes

Levels and vault maps discovered:
D:1:      psy_arrival_basics, layout_rooms, hex_large
D:2:      layout_basic, basic_altar, chequers_serial_rivers_marsh
D:3:      gammafunk_steamed_eel, layout_loops_cross,
          nicolae_ecumenical_snake_handling, hangedman_abyss_or_decor_stabs,
          nicolae_kite_square_tiling_tiny, uniq_sigmund
D:4:      layout_loops_ring, nicolae_gozag_seed_capital, jmf_multi_god_temple2,
          minmay_temple_entry_oklob, serial_park_tiny_pond
D:5:      layout_loops_ring, mainiacjoe_overflow_concentric_impassable,
          mainiacjoe_overflow_24_doors, nicolae_yredelemnul_ghost_church,
          serial_demonic, serial_demonic_d, serial_demonic_g, serial_demonic_a,
          serial_demonic_e, serial_demonic_g, serial_demonic_a, serial_demonic_f
D:6:      layout_basic
Temple:   oiseaux_autumnal_temple

Skill      XL: |  1  2  3  4  5  6  7  8 |
---------------+-------------------------+-----
Stealth        | 2 3 5 6 8 9 11 | 11.7
Invocations    | 1 2 |  2.0
Fighting       | |  3.6
Axes           | |  2.8
Dodging        | |  3.7
Shields        | |  3.6

Action                   |  1- 3 |  4- 6 |  7- 9 || total
-------------------------+-------+-------+-------++-------
Melee: War axe           |    51 |    56 |   115 ||   222
       Constrict         |    15 |    19 |    23 ||    57
       Tentacles         |    10 |    15 |    26 ||    51
       Punch             |     1 |       |     5 ||     6
       Unarmed           |     4 |       |       ||     4
Throw: Javelin           |       |       |     1 ||     1
Evoke: Wand              |       |       |     4 ||     4
  Use: Potion            |     2 |     4 |     3 ||     9
       Scroll            |       |     6 |     3 ||     9
 Stab: Sleeping          |     9 |     3 |     7 ||    19
       Distracted        |       |       |     1 ||     1
Armor: Skin              |     5 |     2 |    11 ||    18
Dodge: Dodged            |    49 |    28 |   124 ||   201
Block: Buckler           |     7 |     8 |    51 ||    66

Table legend: (Time is in decaauts)
 A = Elapsed time spent in this place.
 B = Non-inter-level travel time spent in this place.
 C = Inter-level travel time spent in this place.
 D = Time resting spent in this place.
 E = Time spent auto-exploring this place.
 F = Levels seen in this place.
 G = Mean time per level.
                   A        B        C        D        E       F      G
               +--------+--------+--------+--------+--------+-----+--------+
         Total |   6825 |   6667 |    158 |   2469 |   3010 |   7 |  975.0 |
       Dungeon |   6454 |   6313 |    141 |   2369 |   2809 |   6 | 1075.7 |
        Temple |    370 |    353 |     17 |    100 |    201 |   1 |  370.0 |
               +--------+--------+--------+--------+--------+-----+--------+

Top non-repeatable levels by time:
     D:5: 2173 daAuts
     D:4: 2013 daAuts
     D:3: 992 daAuts
     D:2: 673 daAuts
     D:1: 547 daAuts
  Temple: 370 daAuts
     D:6: 55 daAuts
